 Dungeon Crawl Stone Soup version 0.28.0-45-g0d030f2227 (webtiles) character file.

Game seed: 13788151053196896168

4073 101zpm the Magician (level 10, -6/74 HPs)
             Began as a Gnoll Air Elementalist on Apr 23, 2022.
             Was a Follower of Sif Muna.
             Mangled by a hornet zombie (9 damage)
             ... on level 7 of the Dungeon.
             The game lasted 00:46:40 (14112 turns).

101zpm the Magician (Gnoll Air Elementalist)       Turns: 14112, Time: 00:46:41

Health: -6/74      AC:  2    Str: 13    XL:     10   Next: 25%
Magic:  19/20      EV: 14    Int: 20    God:    Sif Muna [*.....]
Gold:   394        SH:  5    Dex: 12    Spells: 9/23 levels left

rFire   . . .      SeeInvis .   v - +2 short sword (holy)
rCold   . . .      Faith    .   (no shield)
rNeg    . . .      Spirit   .   a - +0 robe
rPois   .          Reflect  +   (no helmet)
rElec   .          Harm     .   (no cloak)
rCorr   +          Rampage  .   (no gloves)
Will    .....                   (no boots)
Stlth   +++.......              i - amulet of reflection
HPRegen 0.22/turn               j - +6 ring of strength
MPRegen 0.17/turn               n - ring of resist corrosion

@: marked
A: fangs 1, strong nose, distributed training
a: Renounce Religion, Channel Magic


You were on level 7 of the Dungeon.
You worshipped Sif Muna.
Sif Muna was aware of your devotion.
You visited 2 branches of the dungeon, and saw 9 of its levels.

You collected 394 gold pieces.

Inventory:

Hand Weapons
 v - a +2 short sword of holy wrath (weapon)
Armour
 a - a +0 robe (worn)
Magical Staves
 k - a staff of earth
Jewellery
 i - an amulet of reflection (around neck)
 j - a +6 ring of strength (left hand)
 n - a ring of resist corrosion (right hand)
 o - a +4 ring of slaying
 w - a ring of flight
Wands
 q - a wand of charming (6)
Scrolls
 c - a scroll of blinking {unknown}
 d - a scroll of enchant weapon {unknown}
 p - a scroll of silence {unknown}
 t - a scroll of brand weapon
Potions
 b - 2 potions of invisibility {unknown}
 e - 2 potions of might {unknown}
 f - 2 potions of brilliance {unknown}
 g - a potion of berserk rage {unknown}
 h - 3 potions of curing
 l - a potion of degeneration {unknown}
 m - a potion of magic {unknown}
 r - a potion of heal wounds {unknown}
 s - a potion of haste {unknown}
 u - a potion of attraction {unknown}


   Skills:
 + Level 5.1 Fighting
 + Level 5.1 Short Blades
 + Level 5.1 Long Blades
 + Level 5.1 Axes
 + Level 5.1 Maces & Flails
 + Level 5.1 Polearms
 + Level 5.1 Staves
 + Level 5.1 Slings
 + Level 5.1 Bows
 + Level 5.1 Crossbows
 + Level 5.1 Throwing
 + Level 5.1 Armour
 + Level 6.9 Dodging
 + Level 6.7 Stealth
 + Level 5.1 Shields
 + Level 5.1 Unarmed Combat
 + Level 7.2 Spellcasting
 + Level 4.8 Conjurations
 + Level 4.2 Hexes
 + Level 4.2 Summonings
 + Level 4.2 Necromancy
 + Level 4.2 Translocations
 + Level 4.2 Transmutations
 + Level 4.2 Fire Magic
 + Level 4.2 Ice Magic
 + Level 7.0 Air Magic
 + Level 4.2 Earth Magic
 + Level 4.2 Poison Magic
 + Level 5.6 Invocations
 + Level 5.1 Evocations


You had 9 spell levels left.
You knew the following spells:

 Your Spells              Type           Power      Damage    Failure   Level
a - Shock                 Conj/Air       100%       1d9       1%          1
b - Static Discharge      Conj/Air       30%        N/A       1%          2
c - Foxfire               Conj/Fire      100%       2x1d9     1%          1
d - Airstrike             Air            17%        N/A       4%          4
e - Conjure Flame         Conj/Fire      25%        6-21      4%          3
f - Swiftness             Air            35%        N/A       1%          3

Your spell library contained the following spells:

 Spells                   Type           Power      Damage    Failure   Level
 Sublimation of Blood     Necr           24%        N/A       2%          2
 Wereblood                Tmut           24%        N/A       2%          2
 Inner Flame              Hex/Fire       24%        N/A       4%          3
 Portal Projectile        Hex/Tloc       48%        N/A       4%          3
 Flame Wave               Conj/Fire      25%        2d7       14%         4
 Blade Hands              Tmut           12%        N/A       41%         5
 Excruciating Wounds      Necr           12%        N/A       41%         5
 Summon Hydra             Summ           12%        N/A       100%        7


Dungeon Overview and Level Annotations

Branches:
Dungeon (8/15)             Temple (1/1) D:5
   Lair: D:8-11

Altars:
Ashenzari
Cheibriados
Elyvilon
Fedhas
Gozag
Hepliaklqana
Kikubaaqudgha
Nemelex Xobeh
Okawaru
Qazlal
Ru
Sif Muna
Trog
Uskayaw
Vehumet
Wu Jian
Xom
Zin
The Shining One

Annotations:
D:5 Pikel
D:7 Harold, Joseph, Maggie


Innate Abilities, Weirdness & Mutations

You have very sharp teeth.
Your uncanny sense of smell can sniff out nearby items.
Your experience applies equally to all skills.


Message History

You climb downwards.
Level annotation: Harold, Joseph, Maggie The hornet zombie barely misses you.
Harold throws a throwing net.
The throwing net hits you.
You become entangled in the net!
The hornet zombie hits you!
There is a stone staircase leading up here.
You see here a throwing net.
You tear a large gash into the net.
The hornet zombie hits you.
You struggle against the net.
The hornet zombie hits you!
You struggle against the net.
The hornet zombie barely misses you.
You rip the net and break free!
You block the hornet zombie's attack.
Harold points at you and mumbles some strange words.
A sentinel's mark forms upon you. The hornet zombie hits you.
Harold fires a harpoon shot at you. The harpoon shot hits you!
You stop ascending the stairs.
You are yanked forward by the harpoon shot.
Casting: Foxfire (safe; 1% risk of failure)
Confirm with . or Enter, or press ? or * to list all spells.
Aiming: Airstrike (dangerous; 4% risk of failure)
Press: ? - help, Dir - move target, f - Harold
Aim: Harold, wielding a +0 mace, wearing a +0 scale mail of fire resistance and quivering 3 throwing nets (empty space bonus: 2/8)
The air twists around and strikes Harold.
Harold is lightly wounded.
Harold hits you with a +0 mace!
* * * LOW HITPOINT WARNING * * *
The hornet zombie barely misses you. Harold hits you with a +0 mace!
* * * LOW HITPOINT WARNING * * *
The hornet zombie barely misses you.
Harold throws a throwing net.
The throwing net completely misses you. Harold fires a harpoon shot at you.
The harpoon shot misses you. The hornet zombie hits you!
* * * LOW HITPOINT WARNING * * *
A hornet zombie comes into view.
The hornet zombie closely misses you. The hornet zombie hits you.
* * * LOW HITPOINT WARNING * * *
The hornet zombie hits you!
You die...

#....#...##.####.#.#.#
#...........# #.#.#.#
#....#.#########.#.#.#
#....#...............#
#....###########.#.###
####.............#.#
################....#.#
#......Z.......<....#.#
......#######Z#.@Z..#.#
.......#....#.#.#Z#.#.#
.......#.##.#@#.#.#.#.#
.#............#.#Z....#
.#...#.######.#.###.#############
..............@.@Z...............
####.#.######.#.#...#############
.....#.# #(#.#..............##
###.##.######.#.#....#.......#...


You could see Maggie and 3 hornet zombies.

Vanquished Creatures
  Grinder (D:6)
  A yak (D:7)
  Eustachio (D:5)
  A wyvern (D:8)
  A steam dragon (D:8)
  Menkaure (D:5)
  Edmund (D:4)
  2 water moccasins
  2 orc warriors
  A black bear (D:7)
  2 sky beasts
  2 necrophages
  6 ogres
  3 centaurs
  Blork the orc (D:5)
  3 scorpions
  2 bullfrogs (D:7)
  A water moccasin zombie (D:5)
  A water moccasin skeleton (D:5)
  A howler monkey (D:5)
  3 wights (D:8)
  A centaur zombie (D:6)
  A bullfrog zombie (D:6)
  3 hounds
  3 jellies
  An orc priest (D:6)
  A bullfrog skeleton (D:5)
  A gnoll shaman (D:4)
  4 iguanas
  5 orc wizards
  8 gnolls
  7 adders
  A shadow imp (D:5)
  A white imp (D:8)
  A worm (D:3)
  A dart slug (D:4)
  30 orcs
  6 ball pythons
  12 endoplasms
  7 giant cockroaches
  6 goblins
  3 hobgoblins
  10 quokkas
  4 bats
  2 frilled lizards (D:3)
  13 kobolds
  3 rats
172 creatures vanquished.

Vanquished Creatures (others)
  16 foxfires
  9 fungi (D:3)
  7 toadstools (D:3)
32 creatures vanquished.

Grand Total: 204 creatures vanquished

Notes
Turn   | Place    | Note
-------+----------+-------------------------------------------
     0 | D:1      | 101zpm the Gnoll Air Elementalist began the quest for the
                  | Orb.
     0 | D:1      | Reached XP level 1. HP: 13/13 MP: 6/6
   296 | D:1      | Reached XP level 2. HP: 19/19 MP: 4/7
   757 | D:1      | Found a faded altar of an unknown god.
   934 | D:2      | Reached XP level 3. HP: 25/25 MP: 2/9
  1018 | D:2      | Reached skill level 5 in Spellcasting
  1473 | D:2      | Reached skill level 1 in Invocations
  1800 | D:2      | Reached skill level 1 in Fighting
  1800 | D:2      | Reached skill level 1 in Short Blades
  1800 | D:2      | Reached skill level 1 in Long Blades
  1800 | D:2      | Reached skill level 1 in Axes
  1800 | D:2      | Reached skill level 1 in Maces & Flails
  1800 | D:2      | Reached skill level 1 in Polearms
  1800 | D:2      | Reached skill level 1 in Staves
  1800 | D:2      | Reached skill level 1 in Slings
  1800 | D:2      | Reached skill level 1 in Bows
  1800 | D:2      | Reached skill level 1 in Crossbows
  1800 | D:2      | Reached skill level 1 in Throwing
  1800 | D:2      | Reached skill level 1 in Armour
  1800 | D:2      | Reached skill level 1 in Shields
  1800 | D:2      | Reached skill level 1 in Unarmed Combat
  1800 | D:2      | Reached skill level 1 in Evocations
  1800 | D:2      | Reached XP level 4. HP: 32/32 MP: 8/11
  2413 | D:3      | Reached skill level 1 in Hexes
  2413 | D:3      | Reached skill level 1 in Summonings
  2413 | D:3      | Reached skill level 1 in Necromancy
  2413 | D:3      | Reached skill level 1 in Translocations
  2413 | D:3      | Reached skill level 1 in Transmutations
  2413 | D:3      | Reached skill level 1 in Fire Magic
  2413 | D:3      | Reached skill level 1 in Ice Magic
  2413 | D:3      | Reached skill level 1 in Earth Magic
  2413 | D:3      | Reached skill level 1 in Poison Magic
  2595 | D:3      | Reached XP level 5. HP: 36/37 MP: 7/12
  3702 | D:4      | Reached XP level 6. HP: 44/44 MP: 6/13
  3852 | D:4      | Noticed Edmund
  3995 | D:4      | Reached skill level 5 in Dodging
  4061 | D:3      | Learned a level 2 spell: Static Discharge
  4063 | D:3      | Learned a level 1 spell: Foxfire
  4068 | D:3      | Learned a level 4 spell: Airstrike
  4072 | D:3      | Learned a level 3 spell: Conjure Flame
  4076 | D:3      | Learned a level 3 spell: Swiftness
  4317 | D:4      | Killed Edmund
  4318 | D:4      | Reached XP level 7. HP: 35/50 MP: 5/15
  4684 | D:5      | Entered Level 5 of the Dungeon
  4684 | D:5      | Noticed Pikel
  4979 | D:5      | Noticed Menkaure
  5180 | D:5      | Reached skill level 5 in Stealth
  5566 | D:5      | Reached XP level 8. HP: 57/57 MP: 3/16
  5717 | D:5      | Noticed Blork the orc
  5721 | D:5      | Killed Blork the orc
  6080 | D:5      | Killed Menkaure
  6852 | D:6      | Noticed Eustachio
  7580 | D:5      | Found a staircase to the Ecumenical Temple.
  7637 | Temple   | Entered the Ecumenical Temple
  7976 | Temple   | Became a worshipper of Sif Muna the Loreminder
  8149 | D:6      | Reached XP level 9. HP: 65/65 MP: 1/18
  8389 | D:6      | Noticed Grinder
  8848 | D:7      | Noticed Joseph
  9665 | D:7      | Noticed Maggie
  9856 | D:8      | Found an opulent altar of Gozag.
 10246 | D:8      | Reached skill level 5 in Invocations
 10969 | D:8      | Reached * piety under Sif Muna
 11164 | D:7      | Reached XP level 10. HP: 13/73 MP: 6/20
 11694 | D:6      | Killed Grinder
 12088 | D:5      | Killed Eustachio
 12089 | D:5      | Reached skill level 5 in Fighting
 12089 | D:5      | Reached skill level 5 in Short Blades
 12089 | D:5      | Reached skill level 5 in Long Blades
 12089 | D:5      | Reached skill level 5 in Axes
 12089 | D:5      | Reached skill level 5 in Maces & Flails
 12089 | D:5      | Reached skill level 5 in Polearms
 12089 | D:5      | Reached skill level 5 in Staves
 12089 | D:5      | Reached skill level 5 in Slings
 12089 | D:5      | Reached skill level 5 in Bows
 12089 | D:5      | Reached skill level 5 in Crossbows
 12089 | D:5      | Reached skill level 5 in Throwing
 12089 | D:5      | Reached skill level 5 in Armour
 12089 | D:5      | Reached skill level 5 in Shields
 12089 | D:5      | Reached skill level 5 in Unarmed Combat
 12089 | D:5      | Reached skill level 5 in Evocations
 13721 | D:7      | Noticed Harold
 14112 | D:7      | HP: 3/74 [hornet zombie (2)]
 14112 | D:7      | Mangled by a hornet zombie

Illustrated notes

Levels and vault maps discovered:
D:1:      wander_arrival_peaceful_grave, layout_basic,
          hellmonk_ecumenical_altar_run_dry
D:2:      layout_basic
D:3:      cheibrodos_fertilizer, layout_loops_ring
D:4:      layout_rooms, hangedman_decor_diamond_cutter, uniq_edmund
D:5:      layout_layer_cave, minmay_temple_entry_from_below_b, st_stairs_8,
          uniq_blork_the_orc, uniq_pikel, uniq_menkaure
D:6:      layout_cave_pools, gup_sewer_entry_pipe, uniq_grinder, uniq_eustachio
D:7:      layout_basic, st_stairs_7, uniq_maggie, uniq_joseph, uniq_harold
D:8:      cheibrodos_quashed, layout_gridville, mainiacjoe_overflow_24_doors,
          enter_bailey_2
Temple:   dpeg_five_rooms_temple

Skill      XL: |  1  2  3  4  5  6  7  8  9 10 |
---------------+-------------------------------+-----
Conjurations   | 2 3 4 |  4.8
Spellcasting   | 5 6 7 |  7.2
Invocations    | 1 2 3 4 5 |  5.6
Fighting       | 1 2 3 4 5 |  5.1
Short Blades   | 1 2 3 4 5 |  5.1
Long Blades    | 1 2 3 4 5 |  5.1
Axes           | 1 2 3 4 5 |  5.1
Maces & Flails | 1 2 3 4 5 |  5.1
Polearms       | 1 2 3 4 5 |  5.1
Staves         | 1 2 3 4 5 |  5.1
Slings         | 1 2 3 4 5 |  5.1
Bows           | 1 2 3 4 5 |  5.1
Crossbows      | 1 2 3 4 5 |  5.1
Throwing       | 1 2 3 4 5 |  5.1
Armour         | 1 2 3 4 5 |  5.1
Shields        | 1 2 3 4 5 |  5.1
Unarmed Combat | 1 2 3 4 5 |  5.1
Evocations     | 1 2 3 4 5 |  5.1
Hexes          | 1 2 3 4 |  4.2
Summonings     | 1 2 3 4 |  4.2
Necromancy     | 1 2 3 4 |  4.2
Translocations | 1 2 3 4 |  4.2
Transmutations | 1 2 3 4 |  4.2
Fire Magic     | 1 2 3 4 |  4.2
Ice Magic      | 1 2 3 4 |  4.2
Earth Magic    | 1 2 3 4 |  4.2
Poison Magic   | 1 2 3 4 |  4.2
Dodging        | 5 6 |  6.9
Stealth        | 5 6 |  6.7
Air Magic      | 6 7 |  7.0

Action                   |  1- 3 |  4- 6 |  7- 9 | 10-12 || total
-------------------------+-------+-------+-------+-------++-------
Melee: Unarmed           |       |       |    10 |       ||    10
       Bite              |       |       |     1 |       ||     1
       Staff             |       |       |       |     1 ||     1
 Cast: Shock             |    55 |   107 |    60 |     6 ||   228
       Airstrike         |       |     6 |   118 |    29 ||   153
       Conjure Flame     |       |     2 |     1 |     6 ||     9
       Foxfire           |       |       |     6 |     2 ||     8
       Swiftness         |       |       |     2 |     1 ||     3
       Static Discharge  |       |       |       |     2 ||     2
  Use: Scroll            |       |       |     5 |     1 ||     6
Armor: Robe              |       |     2 |     5 |       ||     7
Dodge: Dodged            |     2 |    13 |    33 |    14 ||    62
Block: Other             |       |       |     4 |     4 ||     8
       Reflection        |       |       |       |     1 ||     1
